 Dungeon Crawl Stone Soup version 0.23.0 (webtiles) character file.

Game seed: 292550189512713646

25 Wolly the Firebug (level 2, 0/15 HPs)
             Began as a Deep Elf Fire Elementalist on Feb 15, 2019.
             Succumbed to an adder's poison
             ... on level 2 of the Dungeon.
             The game lasted 00:03:56 (890 turns).

Wolly the Firebug (Deep Elf Fire Elementalist)       Turns: 890, Time: 00:03:57

Health: 0/15       AC:  3    Str:  5    XL:     2   Next: 86%
Magic:  8/8        EV: 13    Int: 19    God:
Gold:   66         SH:  0    Dex: 15    Spells: 4/7 levels left

rFire    . . .     SeeInvis .   l - +1 mace (holy)
rCold    . . .     Gourm    .   (no shield)
rNeg     . . .     Faith    .   a - +0 robe
rPois    .         Spirit   .   (no helmet)
rElec    .         Reflect  .   (no cloak)
rCorr    .         Harm     .   (no gloves)
MR       .....                  (no boots)
Stlth    ++........             (no amulet)
HPRegen  0.05/turn              d - +1 ring of protection
MPRegen  0.11/turn              (no ring)

@: lethally poisoned (0 -> -2)
A: no striking features
a: no special abilities


You were on level 2 of the Dungeon.
You were not hungry.

You visited 1 branch of the dungeon, and saw 2 of its levels.

You collected 66 gold pieces.

Inventory:

Hand Weapons
 l - a +1 mace of holy wrath (weapon)
   (You found it on level 2 of the Dungeon)
Missiles
 h - 11 stones
 j - 5 javelins (quivered)
Armour
 a - a +0 robe (worn)
Jewellery
 d - a +1 ring of protection (left hand)
   (You found it on level 1 of the Dungeon)
Scrolls
 c - a scroll of teleportation {@r4}
 i - 2 scrolls of identify {@r1}
Comestibles
 e - 3 rations {!d}


   Skills:
 + Level 2.8 Dodging
 - Level 2.4 Stealth
 + Level 3.4 Spellcasting
 * Level 2.1 Conjurations
 + Level 3.5 Fire Magic


You had 4 spell levels left.
You knew the following spells:

 Your Spells              Type           Power        Failure   Level  Hunger
a - Flame Tongue          Conj/Fire      ##...        4%          1    None
x - Throw Flame           Conj/Fire      ##....       7%          2    ##.....

Your spell library contained the following spells:

 Spells                   Type           Power        Failure   Level  Hunger
 Conjure Flame            Conj/Fire      ##......     14%         3    ###....
 Inner Flame              Hex/Fire       ##......     22%         3    ###....
 Sticky Flame             Conj/Fire      ##......     41%         4    ####...
 Fireball                 Conj/Fire      ##........   77%         5    ######.


Dungeon Overview and Level Annotations

Branches:
Dungeon (2/15)

Altars:


Message History

Aim: an adder (lightly wounded)
The flame tongue hits the adder!
Aim: an adder (almost dead)
The flame tongue misses the adder.
The adder barely misses you. The adder bites you.
Aim: an adder (almost dead)
The flame tongue hits the adder but does no damage.
The adder barely misses you.
Aim: an adder (almost dead)
The flame tongue misses the adder.
The adder barely misses you.
You don't have enough magic to cast that spell.
Throwing (i - inventory. (/) - cycle)
j - 6 javelins (quivered)
Aim: an adder (almost dead)
You throw a javelin. The javelin misses the adder.
The adder bites you. x2
You closely miss the adder. The adder closely misses you. x2
You miss the adder. The adder bites you. The adder closely misses you.
You completely miss the adder. The adder bites you. x2
* * * LOW HITPOINT WARNING * * *
Aim: an adder (almost dead)
The flame tongue hits the adder but does no damage.
The adder barely misses you.
You closely miss the adder. The adder closely misses you. The adder bites you.
* * * LOW HITPOINT WARNING * * *
You are lethally poisoned!
The adder poisons you!
You hit the adder.
You kill the adder!
Your Conjurations skill increases to level 2!
* * * LOW HITPOINT WARNING * * *
You feel sick.
It was a potion of magic.
Magic courses through your body.
As you read the scroll labeled SAIRAI DE LEU, it crumbles to dust.
The scroll dissolves into smoke.
It was a scroll of fog.
* * * LOW HITPOINT WARNING * * *
You feel sick.
As you read the scroll labeled TAOTAED ARGHESK, it crumbles to dust.
You feel strangely unstable.
It was a scroll of teleportation.
As you read the scroll labeled ULEFUL QOUNU, it crumbles to dust.
It is a scroll of identify.
You don't have any unidentified items.
Your surroundings suddenly seem different.
* * * LOW HITPOINT WARNING * * *
You feel sick.
* * * LOW HITPOINT WARNING * * *
You feel sick.
Your magical contamination has completely faded away.
* * * LOW HITPOINT WARNING * * *
You feel sick.
Found two stone staircases leading up.
You die...

############
.......@...#######
.#####.###......<#
... #..######
#.##.###....# #
#.#......#
#.#.#..#.###
#..<#......# ....
#....#.# #..
######.#


There were no monsters in sight!

Vanquished Creatures
  An adder (D:2)
  A leopard gecko (D:1)
  2 giant cockroaches (D:1)
  2 goblins (D:1)
  3 bats (D:1)
  2 frilled lizards (D:1)
  4 kobolds (D:1)
  5 rats
20 creatures vanquished.

Notes
Turn   | Place    | Note
-------+----------+-------------------------------------------
     0 | D:1      | Wolly the Deep Elf Fire Elementalist began the quest for
                  | the Orb.
     0 | D:1      | Reached XP level 1. HP: 10/10 MP: 6/6
   276 | D:1      | Reached XP level 2. HP: 15/15 MP: 1/8
   335 | D:1      | Learned a level 2 spell: Throw Flame
   890 | D:2      | Succumbed to an adder's poison

Skill      XL: |  1  2 |
---------------+-------+-----
Conjurations   | 2 |  2.1
Dodging        | |  2.8
Stealth        | |  2.4
Spellcasting   | |  3.4
Fire Magic     | |  3.5

Action                   || total
-------------------------++-------
Melee: Mace              ||     5
Throw: Stone             ||     5
       Javelin           ||     2
 Cast: Flame Tongue      ||    25
       Throw Flame       ||     7
  Use: Scroll            ||     3
       Potion            ||     1
Armor: Robe              ||     2
Dodge: Dodged            ||    16
